 Dungeon Crawl Stone Soup version 0.28-a0-317-g21599a725c (webtiles) character file.

Game seed: 4540448247489494293

872 McIrco the Cutter (level 8, -5/48 HPs)
             Began as a Kobold Berserker on Sept 1, 2021.
             Was a Priest of Trog.
             Slain by an ogre (32 damage)
             ... on level 5 of the Dungeon.
             The game lasted 00:02:56 (4476 turns).

McIrco the Cutter (Kobold Berserker)                Turns: 4476, Time: 00:02:57

Health: -5/48      AC:  3    Str: 16    XL:     8   Next: 24%
Magic:  8/8        EV: 15    Int:  8    God:    Trog [***...]
Gold:   204        SH: 10    Dex: 15    Spells: 7/7 levels left

rFire   . . .      SeeInvis .   i - +2 short sword (venom)
rCold   . . .      Faith    .   m - +0 buckler
rNeg    . . .      Spirit   .   b - +0 animal skin
rPois   .          Reflect  +   (no helmet)
rElec   .          Harm     .   (no cloak)
rCorr   .          Rampage  .   n - +0 pair of gloves
Will    .....                   (no boots)
Stlth   ++++......              k - amulet of reflection
HPRegen 0.16/turn               (no ring)
MPRegen 0.11/turn               (no ring)

@: no status effects
A: small, no large weapons, nightstalker 3
a: Renounce Religion, Berserk, Trog's Hand


You were on level 5 of the Dungeon.
You worshipped Trog.
Trog was most pleased with you.
You visited 1 branch of the dungeon, and saw 5 of its levels.

You collected 204 gold pieces.

Inventory:

Hand Weapons
 a - a +0 short sword
 i - a +2 short sword of venom (weapon)
 t - a +2 short sword of flaming
Armour
 b - a +0 animal skin (worn)
 m - a +0 buckler (worn)
 n - a +0 pair of gloves (worn)
Jewellery
 k - an amulet of reflection (around neck)
Scrolls
 c - 2 scrolls of fear {unknown}
 d - 3 scrolls of enchant armour {unknown}
 e - 5 scrolls of identify {unknown}
 j - a scroll of magic mapping {unknown}
 o - a scroll of torment {unknown}
 p - 2 scrolls of amnesia {unknown}
 q - 2 scrolls of teleportation {unknown}
 r - a scroll of silence {unknown}
 s - a scroll of brand weapon {unknown}
Potions
 f - a potion of haste {unknown}
 g - a potion of lignification {unknown}
 h - a potion of invisibility {unknown}
 l - a potion of brilliance {unknown}


   Skills:
 + Level 4.9 Fighting
 + Level 7.9 Short Blades
 + Level 1.9 Armour
 + Level 4.3 Dodging
 + Level 5.9 Stealth
 + Level 2.2 Shields


You had 7 spell levels left.
You didn't know any spells.
Your spell library was empty.

Dungeon Overview and Level Annotations

Branches:
Dungeon (5/15)
 Temple: D:4-7

Altars:
Okawaru
Vehumet
Xom

Shops:
D:1 (


Innate Abilities, Weirdness & Mutations

You are small and have problems with some larger weapons.
You are completely attuned to the shadows.


Message History

You are exhausted.
You feel yourself slow down.
You start resting.
You feel yourself speed up.
You start resting.
You recover from your berserk rage.
You start resting.
HP restored.
An orc is nearby!
Found 11 gold pieces.
The helpless orc fails to defend itself.
You impale the orc!!
You kill the orc!
Trog accepts your kill.
No target in view!
Things that are here:
a +2 short sword of flaming; a +0 leather armour; an orc corpse
t - a +2 short sword of flaming You now have 204 gold pieces (gained 11).
Things that are here:
a +0 leather armour; an orc corpse An ogre comes into view.
It is wielding a +0 giant club.
The ogre shouts!
An ogre is nearby!
An ogre is nearby!
An ogre is nearby!
An ogre is nearby!
You hit the ogre.
The ogre is poisoned.
The ogre is moderately wounded.
You block the ogre's attack.
You hit the ogre but do no damage.
The ogre looks as sick as possible!
The ogre is moderately wounded.
You hit the ogre.
The ogre looks as sick as possible!
The ogre is moderately wounded.
The ogre hits you with a +0 giant club!!
You hit the ogre.
The ogre is heavily wounded.
The ogre hits you with a +0 giant club!!
Ouch! That really hurt!
You die...

..#...# #...#.#
.#....# ......#
## ....#..###
####.#.#........
#.###.#..#......
##..##O.#.......
###[..@........
###.#.$.#.##.
#...###..
#..>....
..........
..........
≈≈.≈≈.≈...
≈≈≈≈≈≈≈≈≈


You could see an ogre (extremely poisoned).

Vanquished Creatures
  Pikel (D:4)
  A black bear (D:4)
  A phantom (D:5)
  An orc priest (D:3)
  A hound (D:3)
  A killer bee zombie (D:5)
  2 hound skeletons (D:4)
  7 adders
  A worm (D:4)
  2 dart slugs
  4 orcs
  7 endoplasms
  2 giant cockroaches
  4 goblins
  7 hobgoblins
  6 jackals
  4 kobolds (D:1)
  3 quokkas
  2 ball pythons
  6 bats
  3 frilled lizards
  A jackal skeleton (D:4)
  2 rats
69 creatures vanquished.

Notes
Turn   | Place    | Note
-------+----------+-------------------------------------------
     0 | D:1      | McIrco the Kobold Berserker began the quest for the Orb.
     0 | D:1      | Reached XP level 1. HP: 14/14 MP: 1/1
   477 | D:1      | Found Moumm's Weapon Emporium.
   499 | D:1      | Reached XP level 2. HP: 19/19 MP: 2/2
   606 | D:1      | Found a faded altar of an unknown god.
   836 | D:1      | Reached XP level 3. HP: 24/24 MP: 3/3
   904 | D:1      | Reached ** piety under Trog
  1467 | D:2      | Reached skill level 1 in Stealth
  1806 | D:2      | Reached XP level 4. HP: 29/29 MP: 4/4
  2038 | D:3      | Reached skill level 5 in Short Blades
  2454 | D:3      | Reached XP level 5. HP: 32/33 MP: 5/5
  3019 | D:3      | Found an iron altar of Okawaru.
  3266 | D:4      | Reached skill level 6 in Short Blades
  3276 | D:4      | Noticed a black bear
  3286 | D:4      | Killed a black bear
  3287 | D:4      | Reached XP level 6. HP: 38/38 MP: 6/6
  3417 | D:4      | Noticed Pikel
  3431 | D:4      | Killed Pikel
  3432 | D:4      | Reached skill level 7 in Short Blades
  3432 | D:4      | Reached skill level 5 in Stealth
  3432 | D:4      | Reached XP level 7. HP: 29/44 MP: 7/7
  3432 | D:4      | Reached XP level 8. HP: 32/48 MP: 8/8
  3606 | D:4      | Reached *** piety under Trog
  3744 | D:4      | Found a radiant altar of Vehumet.
  3744 | D:4      | Found a shimmering altar of Xom.
  4173 | D:5      | Entered Level 5 of the Dungeon
  4476 | D:5      | Slain by an ogre

Illustrated notes

Levels and vault maps discovered:
D:1:      amcnicky_arrival_abandoned_market, layout_basic, serial_shops,
          nicolae_square_shop, basic_ecumenical_altar, serial_bayou_pond_c,
          hangedman_decor_points
D:2:      layout_rooms
D:3:      layout_basic, okawaru_trees_2, nrook_mini_vaults,
          minmay_stone_trees_small
D:4:      layout_loops_cross, gammafunk_temple_overflow_elements, uniq_pikel
D:5:      minmay_goblin_kobold_castle, layout_basic,
          minmay_temple_entry_junction_2, serial_shops,
          nicolae_shop_statue_plus, nicolae_take_the_stairs,
          kennysheep_nondescript, amcnicky_mini_rare_corridor_liquid,
          minmay_increasing_density

Skill      XL: |  1  2  3  4  5  6 |
---------------+-------------------+-----
Stealth        | 1 2 4 5 |  5.9
Short Blades   | 5 6 7 |  7.9
Dodging        | 3 4 |  4.3
Fighting       | 4 |  4.9
Shields        | 2 |  2.2
Armour         | |  1.9

Action                   |  1- 3 |  4- 6 |  7- 9 || total
-------------------------+-------+-------+-------++-------
Melee: Short sword       |    84 |    86 |    43 ||   213
Invok: Berserk           |       |     2 |     1 ||     3
 Stab: Sleeping          |    10 |     8 |     6 ||    24
       Distracted        |       |       |     1 ||     1
Armor: Animal skin       |     8 |     7 |     1 ||    16
Dodge: Dodged            |    58 |    34 |    12 ||   104
Block: Buckler           |       |    39 |    11 ||    50

Table legend: (Time is in decaauts)
 A = Elapsed time spent in this place.
 B = Non-inter-level travel time spent in this place.
 C = Inter-level travel time spent in this place.
 D = Time resting spent in this place.
 E = Time spent auto-exploring this place.
 F = Levels seen in this place.
 G = Mean time per level.
                   A        B        C        D        E       F      G
               +--------+--------+--------+--------+--------+-----+--------+
         Total |   4482 |   4266 |    216 |    676 |   3103 |   5 |  896.4 |
       Dungeon |   4482 |   4266 |    216 |    676 |   3103 |   5 |  896.4 |
               +--------+--------+--------+--------+--------+-----+--------+

Top non-repeatable levels by time:
     D:3: 1288 daAuts
     D:1: 1279 daAuts
     D:4: 938 daAuts
     D:2: 671 daAuts
     D:5: 304 daAuts
